 Dungeon Crawl Stone Soup version 0.28.0-45-g0d030f2227 (webtiles) character file.

Game seed: 16931763594533703137

71 NinjaNoafa the Gusty (level 4, -5/35 HPs)
             Began as a Draconian Air Elementalist on Apr 4, 2022.
             Killed from afar by an orc wizard (9 damage)
             ... with a magic dart
             ... on level 3 of the Dungeon.
             The game lasted 00:06:41 (1738 turns).

NinjaNoafa the Gusty (Draconian Air Elementalist)   Turns: 1738, Time: 00:06:43

Health: -5/35      AC:  5    Str:  9 (10) XL:     4   Next: 5%
Magic:  16/16      EV: 12    Int: 15 (18) God:
Gold:   44         SH:  0    Dex:  9 (11) Spells: 7/8 levels left

rFire   . . .      SeeInvis .   m - +1 dagger (venom)
rCold   . . .      Faith    .   (no shield)
rNeg    . . .      Spirit   .   (armour unavailable)
rPois   .          Reflect  .   (helmet restricted)
rElec   .          Harm     .   (no cloak)
rCorr   .          Rampage  .   (no gloves)
Will    .....                   (no boots)
Stlth   +.........              (no amulet)
HPRegen 0.11/turn               d - ring of magical power
MPRegen 0.15/turn               (no ring)

@: confused, lethally poisoned (-5 -> -11), weak-willed, hasted, very quick
A: AC +5, unfitting armour, cold-blooded
a: no special abilities


You were on level 3 of the Dungeon.
You visited 1 branch of the dungeon, and saw 3 of its levels.

You collected 44 gold pieces.

Inventory:

Hand Weapons
 f - a +0 short sword
 i - a +0 shortbow
 l - the +9 hunting sling "Oppukhud" {flame, *Slow rElec rN+}
   (You found it on level 2 of the Dungeon)

   Any ammunition fired from it burns those it strikes, dealing additional fire
   damage.
   rElec:     It insulates you from electricity.
   rN:        It protects you from negative energy.
   *Slow:     It may slow you when you take damage.
 m - a +1 dagger of venom (weapon)
Missiles
 g - 128 stones
Jewellery
 d - a ring of magical power (left hand)
Scrolls
 a - a scroll of acquirement {unknown}
 b - 2 scrolls of vulnerability
 h - a scroll of enchant armour {unknown}
 o - a scroll of magic mapping {unknown}
Potions
 j - a potion of magic
 k - a potion of cancellation {unknown}
 p - a potion of flight {unknown}


   Skills:
 - Level 1.0 Fighting
 * Level 1.0 Slings
 - Level 2.1 Dodging
 - Level 2.0 Stealth
 + Level 2.6 Spellcasting
 + Level 1.5 Conjurations
 + Level 3.5 Air Magic


You had 7 spell levels left.
You knew the following spells:

 Your Spells              Type           Power      Damage    Failure   Level
a - Shock                 Conj/Air       36%        1d5       8%          1

Your spell library contained the following spells:

 Spells                   Type           Power      Damage    Failure   Level
 Static Discharge         Conj/Air       9%         N/A       11%         2
 Swiftness                Air            12%        N/A       14%         3
 Corpse Rot               Necr/Air       14%        N/A       16%         2
 Summon Small Mammal      Summ           4%         N/A       22%         1
 Airstrike                Air            6%         N/A       43%         4
 Call Canine Familiar     Summ           1%         N/A       54%         3
 Summon Guardian Golem    Hex/Summ       1%         N/A       54%         3
 Necromutation            Tmut/Necr      0%         N/A       100%        8


Dungeon Overview and Level Annotations

Branches:
Dungeon (3/15)

Altars:


Innate Abilities, Weirdness & Mutations

Your plain brown scales are hard. (AC +5)
You cannot fit into any form of body armour.
You are cold-blooded and may be slowed by cold attacks.


Message History

You're too confused to cast spells.
Sorry, you're not good enough to have a special ability.
You're too confused to cast spells.
You closely miss the orc wizard.
The orc wizard is heavily wounded.
The adder bites you.
* * * LOW HITPOINT WARNING * * *
You hit the orc wizard but do no damage.
The orc wizard is heavily wounded.
You feel sick.
You are no longer poisoned.
The orc wizard closely misses you.
The giant cockroach bites you but does no damage.
The orc closely misses you. Something barely misses you.
The adder closely misses you.
You barely miss the orc wizard.
The orc wizard is heavily wounded.
The orc closely misses you.
The giant cockroach bites you but does no damage.
The adder barely misses you. The orc wizard closely misses you.
The orc misses you.
You miss the orc wizard.
The orc wizard is heavily wounded.
Something hits you.
* * * LOW HITPOINT WARNING * * *
You are too confused!
You are too confused!
It was a potion of degeneration.
There was something very wrong with that liquid.
You feel weakened.
You feel dopey.
You feel clumsy. The adder bites you.
* * * LOW HITPOINT WARNING * * *
You are lethally poisoned!
The adder poisons you!
The giant cockroach bites you but does no damage.
The orc hits you with a +0 falchion.
* * * LOW HITPOINT WARNING * * *
The orc wizard casts a spell at you. The magic dart hits you!
You die...

##.#...
..#..# #
#.#..#
.#.##.#<.#
.........###
##.##......#
##.##(.(g..#
......oSBo.#
.....#.†@o.#
##.#.#...o.#
#.#.#######
.


You could see an orc wizard (very poisoned, weak-willed), an adder
(weak-willed), 3 orcs, a giant cockroach and a goblin.

Vanquished Creatures
  3 gnolls (D:2)
  2 dart slugs
  An orc (D:2)
  5 bats
  3 endoplasms (D:1)
  3 hobgoblins (D:1)
  7 kobolds
  2 quokkas
  2 frilled lizards (D:1)
  5 goblins
  4 rats
37 creatures vanquished.

Vanquished Creatures (others)
  A giant cockroach (D:3)
1 creature vanquished.

Grand Total: 38 creatures vanquished

Notes
Turn   | Place    | Note
-------+----------+-------------------------------------------
     0 | D:1      | NinjaNoafa the Draconian Air Elementalist began the quest
                  | for the Orb.
     0 | D:1      | Reached XP level 1. HP: 14/14 MP: 3/3
   353 | D:1      | Reached XP level 2. HP: 20/20 MP: 1/5
   455 | D:1      | Got Ereshkigal's Disquisition on Stolen Souls
  1323 | D:2      | Reached XP level 3. HP: 27/27 MP: 6/6
  1410 | D:2      | Identified the +9 hunting sling "Oppukhud" {flame, *Slow
                  | rElec rN+}
  1518 | D:2      | Reached skill level 1 in Fighting
  1533 | D:2      | Reached XP level 4. HP: 35/35 MP: 7/7
  1723 | D:3      | Reached skill level 1 in Slings
  1738 | D:3      | Killed from afar by an orc wizard

Illustrated notes

Levels and vault maps discovered:
D:1:      scummos_arrival_star, layout_rooms, chequers_serial_rivers_small_a,
          minmay_tromino_v2
D:2:      layout_rooms
D:3:      layout_loops_cross, dreamdust_ecumenical_altar_hidden_monk_grotto,
          chequers_jeans, uniq_natasha, uniq_jessica

Skill      XL: |  1  2  3  4 |
---------------+-------------+-----
Dodging        | 2 |  2.1
Stealth        | 2 |  2.0
Fighting       | 1 |  1.0
Slings         | 1 |  1.0
Spellcasting   | |  2.6
Conjurations   | |  1.5
Air Magic      | |  3.5

Action                   |  1- 3 |  4- 6 || total
-------------------------+-------+-------++-------
Melee: Unarmed           |    41 |       ||    41
       Tailslap          |     5 |       ||     5
       Short sword       |    10 |       ||    10
       Punch             |     1 |       ||     1
       Dagger            |       |     6 ||     6
 Fire: Hunting sling     |    13 |     4 ||    17
 Cast: Shock             |    44 |     4 ||    48
  Use: Potion            |       |     4 ||     4
       Scroll            |       |     1 ||     1
 Stab: Sleeping          |     2 |       ||     2
Armor: Skin              |    32 |    16 ||    48
Dodge: Dodged            |    50 |    25 ||    75
